 Dungeon Crawl Stone Soup version 0.24.0-5-g267a8d59f4 (webtiles) character file.

Game seed: 4023691395384644752, levelgen mode: deterministic

119 Elvalys the Magician (level 4, -4/33 HPs)
             Began as a Mummy Wizard on Nov 1, 2019.
             Killed by divine providence
             ... invoked by an orc priest
              (12 damage)
             ... on level 3 of the Dungeon.
             The game lasted 00:17:44 (3194 turns).

Elvalys the Magician (Mummy Wizard)                 Turns: 3194, Time: 00:17:45

Health: -4/33      AC:  2    Str: 10    XL:     4   Next: 74%
Magic:  0/12       EV: 12    Int: 18    God:
Gold:   118        SH:  0    Dex: 10    Spells: 5/15 levels left

rFire    x . .     SeeInvis .   c - +0 dagger
rCold    + . .     Gourm    .   (no shield)
rNeg     + + +     Faith    .   a - +0 robe
rPois    ∞         Spirit   .   b - +0 hat
rElec    .         Reflect  .   (no cloak)
rCorr    .         Harm     .   (no gloves)
MR       .....                  (no boots)
Stlth    ++........             d - amulet of regeneration
HPRegen  0.51/turn              (no ring)
MPRegen  0.13/turn              (no ring)

@: no status effects
A: no food or potions, fire vulnerability, cold resistance 1, negative energy
resistance 3, torment resistance, unbreathing
a: no special abilities


You were on level 3 of the Dungeon.
You were not hungry.

You visited 1 branch of the dungeon, and saw 3 of its levels.

You collected 118 gold pieces.

Inventory:

Hand Weapons
 c - a +0 dagger (weapon)
 f - a +0 short sword
 l - a +0 short sword
 m - a +0 hand axe
Armour
 a - a +0 robe (worn)
 b - a +0 hat (worn)
Jewellery
 d - an amulet of regeneration (around neck)
Scrolls
 e - 4 scrolls of remove curse {unknown}
 g - 3 scrolls of identify {unknown}
 h - a scroll of enchant armour {unknown}
 i - a scroll of fear {unknown}
 j - a scroll of fog {unknown}
 k - a scroll of blinking {unknown}


   Skills:
 * Level 1.9 Fighting
 - Level 0.1 Short Blades
 - Level 1.5 Dodging
 - Level 2.0 Stealth
 + Level 6.1 Spellcasting
 - Level 0.7 Conjurations
 - Level 0.7 Summonings
 - Level 0.7 Translocations


You had 5 spell levels left.
You knew the following spells:

 Your Spells              Type           Power        Failure   Level  Hunger
a - Magic Dart            Conj           #...         9%          1    N/A
b - Blink                 Tloc           N/A          13%         2    N/A
c - Call Imp              Summ           #.......     13%         2    N/A
d - Slow                  Hex            #.......     19%         2    N/A
e - Mephitic Cloud        Conj/Pois/Air  #.......     32%         3    N/A

Your spell library contained the following spells:

 Spells                   Type           Power        Failure   Level  Hunger
 Confusing Touch          Hex            #.....       12%         1    N/A
 Gell's Gravitas          Tloc           #.........   26%         3    N/A
 Conjure Flame            Conj/Fire      #.......     30%         3    N/A
 Confuse                  Hex            #.......     34%         3    N/A
 Petrify                  Tmut/Erth      #.......     75%         4    N/A
 Metabolic Englaciation   Hex/Ice        #.........   97%         5    N/A
 Yara's Violent Unravell  Hex/Tmut       #.........   97%         5    N/A

Dungeon Overview and Level Annotations

Branches:
Dungeon (3/15)

Altars:


Innate Abilities, Weirdness & Mutations

You do not eat or drink.
Your flesh is vulnerable to fire.
You are immune to poison.
Your flesh is cold resistant. (rC+)
You are immune to negative energy. (rN+++)
You are immune to unholy pain and torment.
You can survive without breathing.


Message History

Casting: Magic Dart (safe; 9% risk of failure)
Confirm with . or Enter, or press ? or * to list all spells.
Aiming: Magic Dart (safe; 9% risk of failure)
Press: ? - help, Shift-Dir - straight line, f/p - orc priest
Aim: an orc priest, wielding a +0 hand axe and wearing a +0 scale mail (heavily wounded)
The magic dart hits the orc priest.
The orc priest is severely wounded.
The orc priest hits you with a +0 hand axe.
* * * LOW HITPOINT WARNING * * *
Casting: Magic Dart (safe; 9% risk of failure)
Confirm with . or Enter, or press ? or * to list all spells.
Aiming: Magic Dart (safe; 9% risk of failure)
Press: ? - help, Shift-Dir - straight line, f/p - orc priest
Aim: an orc priest, wielding a +0 hand axe and wearing a +0 scale mail (severely wounded)
The magic dart hits the orc priest.
The orc priest is severely wounded.
The orc priest looks encouraged for a moment.
The orc priest calls down the wrath of Beogh upon you.
Beogh smites you!
You die...

#..####.#########......#
#...............+......+
#.#####.#########......#
#.# #......#
#.#####.#########....>.#
#.............#.........#
#######.#####.#.#######.#
........# #.#.# #.#
######### #o#@# #.# #.#.#
#.# #.#o# #.#
#.#[#######.########
#.#.......o.........
#.#########.########
#.#########.#
#...o.......#
#############


You could see an orc priest.

Vanquished Creatures
  5 adders (D:2)
  2 worms (D:2)
  2 dart slugs
  2 leopard geckos
  A ball python (D:2)
  4 bats
  5 giant cockroaches
  6 hobgoblins
  8 jackals
  A quokka (D:3)
  5 frilled lizards
  6 goblins
  7 kobolds
  4 rats
58 creatures vanquished.

Vanquished Creatures (collateral kills)
  A giant cockroach (D:1)
  2 hobgoblins (D:1)
  A jackal (D:2)
  A kobold (D:2)
5 creatures vanquished.

Grand Total: 63 creatures vanquished

Notes
Turn   | Place    | Note
-------+----------+-------------------------------------------
     0 | D:1      | Elvalys the Mummy Wizard began the quest for the Orb.
     0 | D:1      | Reached XP level 1. HP: 13/13 MP: 5/5
   309 | D:1      | Reached XP level 2. HP: 20/20 MP: 5/7
   313 | D:1      | Learned a level 2 spell: Blink
   316 | D:1      | Learned a level 2 spell: Call Imp
   319 | D:1      | Learned a level 2 spell: Slow
   557 | D:1      | Reached skill level 1 in Fighting
   880 | D:1      | Reached XP level 3. HP: 15/26 MP: 0/9
  1076 | D:2      | Learned a level 3 spell: Mephitic Cloud
  1121 | D:2      | Reached skill level 5 in Spellcasting
  1653 | D:2      | Reached XP level 4. HP: 32/32 MP: 2/11
  2666 | D:2      | Reached skill level 6 in Spellcasting
  3194 | D:3      | Killed from afar by an orc priest

Levels and vault maps discovered:
D:1:      dpeg_arrival_yet_another_circle, layout_basic
D:2:      layout_loops_corners
D:3:      layout_basic, first_ration, grunt_decor_mini_mirrors,
          chequers_serial_rivers_small_a, uniq_robin

Skill      XL: |  1  2  3  4 |
---------------+-------------+-----
Fighting       | 1 |  1.9
Stealth        | 2 |  2.0
Spellcasting   | 5 6 |  6.1
Short Blades   | |  0.1
Dodging        | |  1.5
Conjurations   | |  0.7
Summonings     | |  0.7
Translocations | |  0.7

Action                   |  1- 3 |  4- 6 || total
-------------------------+-------+-------++-------
Melee: Dagger            |    50 |    26 ||    76
 Cast: Magic Dart        |    77 |   100 ||   177
       Call Imp          |     3 |     1 ||     4
       Mephitic Cloud    |       |     2 ||     2
 Stab: Sleeping          |     2 |     1 ||     3
Armor: Robe              |     8 |     9 ||    17
Dodge: Dodged            |    53 |    45 ||    98
